 Dungeon Crawl Stone Soup version 0.18-a0-1203-gbde16db (webtiles) character file.

19319 4thArraOfDagon the Spear-Bearer (level 12, -29/91 HPs)
             Began as a Centaur Berserker on Jan 31, 2016.
             Was an Elder of Trog.
             Annihilated by a white ugly thing (35 damage)
             ... on level 15 of the Dungeon.
             The game lasted 00:32:15 (6246 turns).

4thArraOfDagon the Spear-Bearer (Centaur Berserker) Turns: 6246, Time: 00:32:15

Health: -29/91     AC: 27    Str: 22    XL:     12   Next: 35%
Magic:  14/14      EV:  6    Int:  6    God:    Trog [****..]
Gold:   258        SH:  0    Dex: 15    Spells: 0 memorised, 11 levels left

rFire  + . .     SeeInvis .     h - +5 scythe (protect)
rCold  . . .     Gourm    .     Y - +3 chain mail {rF+}
rNeg   . . .     Faith    .     (shield currently unavailable)
rPois  +         Spirit   .     (no helmet)
rElec  .         Dismiss  .     S - +0 cloak {rPois}
rCorr  .         Reflect  .     M - +1 pair of gloves {Dex+3}
SustAt .         Harm     .     (no barding)
MR     +....                    t - amulet of Dishonour {Regen+ Slay+3}
Stlth  ..........               D - +6 ring of protection
                                y - ring of protection from magic

@: exhausted, slowed, somewhat resistant to hostile enchantments, extremely
unstealthy
A: hooves 3, deformed body, speed 2, tough skin 3
a: Berserk, Trog's Hand, Brothers in Arms, Burn Spellbooks, Renounce Religion


You were on level 15 of the Dungeon.
You worshipped Trog.
Trog was greatly pleased with you.
You were very hungry.

You visited 1 branch of the dungeon, and saw 15 of its levels.

You collected 640 gold pieces.
You spent 382 gold pieces at shops.

Inventory:

Hand Weapons
 h - a +5 scythe of protection (weapon)
 r - a +0 halberd of freezing
Missiles
 f - 29 poisoned needles
Armour
 l - a +1 robe of cold resistance
 C - a mottled dragon hide
 M - a +1 pair of gloves of dexterity (worn)
 S - a +0 cloak of poison resistance (worn)
 Y - a +3 chain mail of fire resistance (worn)
Jewellery
 t - the amulet of Dishonour (around neck) {Regen+ Slay+3}
   (You found it on level 14 of the Dungeon)

   [amulet of regeneration]

   It affects your accuracy and damage with ranged weapons and melee attacks
   (+3).
   It increases your rate of regeneration.
 y - a ring of protection from magic (left hand)
 D - a +6 ring of protection (right hand)
 E - an uncursed ring of fire
 G - an uncursed ring of resist corrosion
 Q - an uncursed ring of positive energy
Wands
 a - a wand of lightning (8/15)
 i - a wand of disintegration (24/24)
 u - a wand of flame (28/48)
 v - a wand of polymorph (5/24)
 O - a wand of slowing (16/48)
 R - a wand of draining (4/15)
 U - a wand of random effects (18/48)
 W - a wand of slowing (29/48)
 Z - a wand of enslavement (12/24)
Scrolls
 k - a scroll of immolation
 m - 2 scrolls of enchant armour
 q - a scroll of random uselessness
 x - 3 scrolls of recharging
 T - a scroll of teleportation
Potions
 d - a potion of ambrosia
 g - 2 potions of curing
 n - a potion of cancellation {unknown}
 o - 2 potions of heal wounds
 p - 3 potions of brilliance {unknown}
 s - 2 potions of resistance {unknown}
 w - 4 potions of haste {unknown}
 z - 2 potions of berserk rage {unknown}
 A - 2 potions of agility
 H - 2 potions of flight
 J - 3 potions of magic
 K - a potion of mutation {unknown}
 X - 2 potions of lignification {unknown}
Books
 e - a book of Unlife

   Spells                             Type                      Level
   a - Recall                         Summoning/Translocation      3
   b - Animate Dead                   Necromancy                   4
   c - Control Undead                 Necromancy                   4
   d - Cigotuvi's Embrace             Necromancy                   5
   e - Death Channel                  Necromancy                   6
   f - Simulacrum                     Ice/Necromancy               6
   Trog disapproves of the use of such an item.
 F - a Necronomicon

   Spells                             Type                      Level
   a - Haunt                          Necromancy/Summoning         7
   b - Borgnjor's Revivification      Necromancy                   8
   c - Death's Door                   Charms/Necromancy            8
   d - Necromutation                  Transmutation/Necromancy     8
   Trog disapproves of the use of such an item.
 N - a book of Fire

   Spells                             Type                      Level
   a - Ignite Poison                  Fire/Transmutation/Poison    3
   b - Fireball                       Conjuration/Fire             5
   c - Bolt of Fire                   Conjuration/Fire             6
   d - Delayed Fireball               Conjuration/Fire             7
   e - Ring of Flames                 Charms/Fire                  7
   Trog disapproves of the use of such an item.
 P - a book of Changes

   Spells                             Type                      Level
   a - Beastly Appendage              Transmutation                1
   b - Sticks to Snakes               Transmutation                2
   c - Spider Form                    Transmutation/Poison         3
   d - Ice Form                       Ice/Transmutation            4
   e - Blade Hands                    Transmutation                5
   Trog disapproves of the use of such an item.
 V - a Grand Grimoire

   Spells                             Type                      Level
   a - Monstrous Menagerie            Summoning                    7
   b - Summon Greater Demon           Summoning                    7
   c - Malign Gateway                 Summoning/Translocation      7
   d - Summon Horrible Things         Summoning                    8
   Trog disapproves of the use of such an item.
Comestibles
 b - a slice of pizza
 c - 9 bread rations
 B - a beef jerky
 I - 5 royal jellies
 L - 3 meat rations


   Skills:
 - Level 4.0 Fighting
   Level 4.2 Long Blades
 * Level 14.7 Polearms
 + Level 8.3 Armour
 - Level 1.3 Dodging
 - Level 3.0 Evocations


You had 11 spell levels left.
You didn't know any spells.

Dungeon Overview and Level Annotations

Branches:
Dungeon (15/15)            Temple (0/1) D:6            Lair (0/8) D:11
    Orc (0/2) D:11
 Vaults: D:13-14     Depths: D:15

Altars:
Ashenzari
Cheibriados
Dithmenos
Elyvilon
Fedhas
Kikubaaqudgha
Sif Muna
The Shining One

Shops:
D:8 !   D:10 (   D:11 [   D:14 [

Portals:
Trove: D:10 (give +4 shadow dragon armour)

Annotations:
D:9 GOD
D:10 M4edhros's ghost, journeyman OpAr
D:12 Azrael; Erolcha
D:13 exclusion: 2 ice statues


Innate Abilities, Weirdness & Mutations

You have hooves in place of feet.
Armour fits poorly on your strangely shaped body.
You cover ground very quickly.
You have extremely tough skin (AC +3).


Message History

The ogre hits you with a giant club!
* * * LOW HITPOINT WARNING * * *
Unknown command.
Unknown command.
Unknown command.
Unknown command.
Unknown command.
Unknown command.
The ogre mage gestures wildly while chanting.
The ogre mage flickers and vanishes!
Deactivating autopickup; reactivate with Ctrl-A.
Unknown command.
Unknown command.
Unknown command.
Unknown command.
Unknown command.
The white ugly thing punches you!
* * * LOW HITPOINT WARNING * * *
The white ugly thing freezes you!!
You die...

#..<# #..# .
...#.#O###..####..
#.................O
#.(..#.##.........#
#≈...#.###O.####..#
#≈≈...#.# #..# .#
#≈≈≈...≈.###O.####..#
≈≈≈≈...≈.##u<..(....#
≈≈≈. .≈.##@#.####..
.#. #.#.# ....#
##.... #..## #..#
##%. #..


You could see a white ugly thing, a two-headed ogre and an ogre.

Vanquished Creatures
  Maud (D:14)
  A vault guard (D:10)
  3 hill giants (D:10)
  6 ugly things
  2 deep elf magi
  A cyclops (D:12)
  A centaur zombie (D:14)
  2 trolls
  A tengu conjurer (D:14)
  A two-headed ogre (D:15)
  Prince Ribbit (D:9)
  7 slime creatures (D:14)
  2 water elementals
  Sigmund (D:3)
  A shadow (D:12)
  9 yaks (D:11)
  A wyvern (D:13)
  A wraith (D:14)
  A hungry ghost (D:7)
  5 vampire mosquitoes (D:14)
  Menkaure (D:7)
  2 mottled dragons (D:13)
  A soldier ant (D:12)
  5 orc warriors
  A water moccasin (D:11)
  4 sky beasts
  A black bear (D:10)
  8 ice beasts (D:11)
  7 ogres
  A phantom (D:5)
  11 centaurs
  2 big kobolds
  Blork the orc (D:5)
  9 giant frogs
  A wyvern zombie (D:14)
  A wyvern skeleton (D:10)
  3 killer bees (D:13)
  3 scorpions
  3 spriggan skeletons (D:9)
  A troll skeleton (D:9)
  4 crimson imps
  A giant frog zombie (D:7)
  A quasit (D:13)
  8 hounds
  5 jellies
  6 orc wizards
  5 orc priests
  3 centaur skeletons
  A giant frog skeleton (D:10)
  5 iguanas
  9 worker ants
  2 sheep (D:12)
  A killer bee zombie (D:8)
  A hound skeleton (D:4)
  10 adders
  4 gnolls (D:4)
  5 shadow imps
  An ooze (D:1)
  A worm (D:4)
  A giant gecko (D:9)
  40 orcs
  2 bats
  2 giant cockroaches
  A goblin (D:2)
  4 hobgoblins
  10 jackals
  3 quokkas
  A ball python (D:1)
  A giant gecko skeleton (D:4)
  2 giant newts (D:1)
  13 kobolds
  7 rats
274 creatures vanquished.

Vanquished Creatures (others)
  A giant frog (D:12)
  A giant frog skeleton (D:12)
2 creatures vanquished.

Grand Total: 276 creatures vanquished

Notes
Turn   | Place    | Note
--------------------------------------------------------------
     0 | D:1      | 4thArraOfDagon the Centaur Berserker began the quest for the Orb.
     0 | D:1      | Reached XP level 1. HP: 19/19 MP: 1/1
    20 | D:2      | Reached XP level 2. HP: 26/26 MP: 2/2
   106 | D:3      | Noticed Sigmund
   122 | D:3      | Killed Sigmund
   122 | D:3      | Reached skill level 4 in Fighting
   122 | D:3      | Reached XP level 3. HP: 9/33 MP: 3/3
   122 | D:3      | Reached XP level 4. HP: 11/40 MP: 4/4
   122 | D:3      | Reached XP level 5. HP: 12/46 MP: 5/5
   144 | D:3      | Found a faded altar to an unknown god.
   300 | D:3      | Noticed an ice beast
   485 | D:2      | Reached ** piety under Trog
   487 | D:2      | Reached skill level 1 in Polearms
   694 | D:4      | Reached XP level 6. HP: 52/52 MP: 6/6
  1005 | D:5      | Entered Level 5 of the Dungeon
  1105 | D:5      | Noticed Blork the orc
  1116 | D:5      | Killed Blork the orc
  1116 | D:5      | Reached XP level 7. HP: 47/59 MP: 7/7
  1168 | D:5      | Reached skill level 5 in Polearms
  1198 | D:4      | Reached *** piety under Trog
  1418 | D:5      | Found a shadowy altar of Dithmenos.
  1431 | D:5      | Reached skill level 6 in Polearms
  1657 | D:6      | Reached XP level 8. HP: 54/66 MP: 8/8
  1658 | D:6      | Reached skill level 7 in Polearms
  1780 | D:6      | Found a white marble altar of Elyvilon.
  1833 | D:6      | Found a staircase to the Ecumenical Temple.
  1847 | D:6      | Reached skill level 8 in Polearms
  2082 | D:7      | Reached **** piety under Trog
  2118 | D:7      | Noticed Menkaure
  2120 | D:7      | Killed Menkaure
  2120 | D:7      | Reached skill level 9 in Polearms
  2120 | D:7      | Reached XP level 9. HP: 71/71 MP: 9/9
  2321 | D:7      | Paralysed by fainting for 7 turns
  2493 | D:8      | Found a snail-covered altar of Cheibriados.
  2583 | D:8      | Found a glowing golden altar of the Shining One.
  2597 | D:8      | Found Galaudoq's Distillery.
  2605 | D:8      | Bought a potion of heal wounds for 65 gold pieces
  2605 | D:8      | Bought 2 potions of agility for 104 gold pieces
  2605 | D:8      | Bought a potion of heal wounds for 65 gold pieces
  2605 | D:8      | Bought a potion of poison for 13 gold pieces
  2740 | D:9      | Reached skill level 10 in Polearms
  2805 | D:9      | Received a gift from Trog
  2818 | D:9      | Noticed Prince Ribbit
  2832 | D:9      | Killed Prince Ribbit
  2890 | D:9      | Reached skill level 5 in Armour
  2963 | D:9      | Found an ancient bone altar of Kikubaaqudgha.
  2997 | D:9      | Found a deep blue altar of Sif Muna.
  3031 | D:9      | Reached XP level 10. HP: 57/78 MP: 10/10
  3114 | D:10     | Entered Level 10 of the Dungeon
  3159 | D:10     | Noticed a hill giant
  3191 | D:10     | Reached skill level 11 in Polearms
  3195 | D:10     | Killed a hill giant
  3364 | D:9      | Found a shattered altar of Ashenzari.
  3414 | D:10     | Noticed a hill giant
  3421 | D:10     | Killed a hill giant
  3465 | D:10     | Found Xoen's Antique Weapon Shop.
  3498 | D:9      | Found a blossoming altar of Fedhas.
  3544 | D:10     | Noticed a vault guard
  3549 | D:10     | Killed a vault guard
  3554 | D:10     | Found a portal to a secret trove of treasure.
  3568 | D:10     | Reached skill level 12 in Polearms
  3593 | D:10     | Noticed M4edhros's ghost (journeyman OpAr)
  3650 | D:10     | Noticed a hill giant
  3658 | D:10     | Killed a hill giant
  3731 | D:11     | You fall through a shaft!
  3731 | D:12     | Noticed Azrael
  3732 | D:12     | :(
  3732 | D:12     | 4thArraOfDagon: how
  3732 | D:12     | 4thArraOfDagon: i avoid this
  4017 | D:13     | Noticed an ice statue
  4017 | D:13     | Noticed an ice statue
  4117 | D:13     | Noticed a five-headed hydra
  4212 | D:12     | Noticed Erolcha
  4225 | D:11     | Found a staircase to the Orcish Mines.
  4273 | D:11     | Reached XP level 11. HP: 75/84 MP: 11/11
  4313 | D:11     | Found Zitay's Armour Shop.
  4386 | D:11     | Found a staircase to the Lair.
  4410 | D:11     | Reached skill level 1 in Evocations
  4488 | D:11     | Found a frozen archway.
  4616 | D:11     | Noticed a green ugly thing
  4627 | D:11     | Killed a green ugly thing
  4684 | D:11     | Reached skill level 13 in Polearms
  5260 | D:15     | Entered Level 15 of the Dungeon
  5261 | D:15     | Noticed a purple ugly thing
  5323 | D:14     | Found a white marble altar of Elyvilon.
  5496 | D:14     | Noticed a deep elf mage
  5514 | D:14     | Killed a deep elf mage
  5859 | D:14     | Found Tip Zeth's Antique Armour Shop.
  5862 | D:14     | Bought a pair of glowing gloves for 135 gold pieces
  5985 | D:14     | Got a vibrating graven amulet
  5986 | D:14     | Identified the amulet of Dishonour {Regen+ Slay+3} (You found it on level 14 of the Dungeon)
  6004 | D:14     | Reached skill level 14 in Polearms
  6030 | D:14     | Noticed Maud
  6047 | D:14     | Killed Maud
  6047 | D:14     | Reached XP level 12. HP: 91/91 MP: 14/14
  6064 | D:14     | Noticed a tengu warrior
  6086 | D:14     | Noticed a six-headed hydra
  6233 | D:15     | Noticed an ogre mage
  6246 | D:15     | Annihilated by a white ugly thing

Vault maps used:
D:1:      shiori_arrival_maze
D:3:      ecumenical_altar_2, led_sif_pool, uniq_sigmund
D:4:      grunt_temple_overflow_order_and_chaos_2, first_bread
D:5:      kennysheep_steamy, nicolae_dithmenos_shadow_blocks, uniq_blork_the_orc
D:6:      kennysheep_little_box, minmay_temple_entry_steel_oval
D:7:      uniq_menkaure
D:8:      old_standard_altar, lemuel_round_altar, old_standard_altar,
          serial_shops, shop
D:9:      lemuel_coloured_pillars_altar, fedhas_altar_4, lemuel_doored_altar,
          kiku_gazebo_pond_becter, cheibrodos_ashenzari_chains,
          hangedman_tell_no_tales, uniq_prince_ribbit1
D:10:     serial_shops, nicolae_shop_stone, enter_trove_5
D:11:     lair_0_dummy, orc_david_3, portal_ice_cave_entry_ice_beasts
D:12:     uniq_azrael, uniq_erolcha
D:13:     minmay_more_statues
D:14:     grunt_vaults_entry_fortified, elyvilon_altar_4, serial_shops,
          kennysheep_mini_moat, kennysheep_crisscross, uniq_maud
D:15:     gammafunk_depths_entry_grave, hangedman_decor_slide_cut, spider_trap

Action                   |  1- 3 |  4- 6 |  7- 9 | 10-12 || total
-------------------------+-------+-------+-------+-------++-------
Melee: Falchion          |    17 |    13 |       |       ||    30
       Scythe            |       |   107 |   329 |   523 ||   959
Invok: Berserk           |     2 |     7 |    13 |    23 ||    45
       Trog's Hand       |       |       |     4 |    18 ||    22
Evoke: Wand              |       |       |       |     1 ||     1
  Use: Scroll            |       |       |     7 |    12 ||    19
       Potion            |       |       |       |     3 ||     3
  Eat: Chunk             |       |     9 |    26 |    29 ||    64
       Fruit             |       |       |     2 |     5 ||     7
       Pizza             |       |       |       |     1 ||     1
       Beef jerky        |       |       |       |     1 ||     1
